 Dungeon Crawl Stone Soup version 0.16-a0-3394-g83d1dde (webtiles) character file.

430 Gorice the Digger (level 6, -2/32 HPs)
             Began as a Gargoyle Earth Elementalist on Dec 30, 2014.
             Was an Initiate of Sif Muna.
             Shot with an arrow of dispersal by a centaur (6 damage)
             ... on level 5 of the Dungeon.
             The game lasted 00:23:20 (3154 turns).

Gorice the Digger (Gargoyle Earth Elementalist)     Turns: 3154, Time: 00:23:20

Health: -2/32      AC:  9    Str: 12    XL:     6   Next: 99%
Magic:  3/24       EV: 16    Int: 17    God:    Sif Muna [......]
Gold:   250        SH:  0    Dex: 15    Spells: 4 memorised, 4 levels left

rFire  + . .     SeeInvis .     Z - 124 stones
rCold  . . .     Clarity  .     r - +2 leather armour {rF+}
rNeg   + . .     SustAb   .     (no shield)
rPois  ∞         Gourm    .     (no helmet)
rElec  +         Spirit   .     (no cloak)
rCorr  .         Warding  .     (no gloves)
rMut   .         Stasis   +     (no boots)
MR     +....                    j - amulet of stasis
Stlth  +++.......               c - ring of magical power
                                m - ring of protection from magic

@: agile, very slightly contaminated, somewhat resistant to hostile
enchantments, fairly stealthy
A: negative energy resistance 1, electricity resistance, unbreathing,
petrification resistance, rot immunity, AC +4
a: Renounce Religion


You were on level 5 of the Dungeon.
You worshipped Sif Muna.
Sif Muna was noncommittal.
You were hungry.

You visited 1 branch of the dungeon, and saw 5 of its levels.

You collected 250 gold pieces.

Inventory:

Hand weapons
 a - a +1 dagger of venom
   (You took it off a goblin on level 1 of the Dungeon)
 b - a +0 hunting sling of velocity
   (You took it off a goblin on level 2 of the Dungeon)
Missiles
 k - 2 tomahawks (quivered)
 o - 20 sling bullets
 Z - 124 stones (in hand)
Armour
 r - a +2 leather armour of fire resistance (worn)
   (You found it on level 4 of the Dungeon)
Jewellery
 c - a ring of magical power (right hand)
 j - an amulet of stasis (around neck)
 m - a ring of protection from magic (left hand)
 v - an uncursed ring of teleport control
Scrolls
 p - 2 scrolls of magic mapping
 w - a scroll of enchant weapon
Potions
 i - a potion of magic
 n - a potion of might
Books
 d - a book of Geomancy
 t - a book of Envenomations
Comestibles
 e - 3 bread rations
 g - 5 fruits
 q - a slice of pizza


   Skills:
 - Level 1.5 Dodging
 - Level 2.1 Stealth
 + Level 4.0 Spellcasting
 * Level 2.2 Conjurations
 - Level 0.7 Transmutations
 * Level 7.3 Earth Magic


You had 4 spell levels left.
You knew the following spells:

 Your Spells              Type           Power        Failure   Level  Hunger
a - Sandblast             Erth           ####..       1%          1    None
b - Stoneskin             Trmt/Erth      ###.....     4%          2    ##.....
c - Passwall              Trmt/Erth      ###.......   10%         3    ###....
d - Stone Arrow           Conj/Erth      ###...       10%         3    ###....


Dungeon Overview and Level Annotations

Branches:
Dungeon (5/15)
 Temple: D:4-7

Altars:
Dithmenos
Elyvilon
Kikubaaqudgha
Sif Muna
Xom

Annotations:
D:2 pUX: Siggers!, Sigmund


Innate Abilities, Weirdness & Mutations

You are resistant to torment.
You are immune to poison.
Your stone body is very resilient (AC +4).
You resist negative energy.
You are resistant to electric shocks.
You can survive without breathing.
You are immune to petrification.
You are immune to rotting.


Message History

The air around you crackles with energy!
Casting: Stone Arrow
Confirm with . or Enter, or press ? or * to list all spells.
Aiming: Stone Arrow
Press: ? - help, Shift-Dir - straight line, f/p - centaur
Aim: a centaur, wielding a shortbow (severely wounded)
The stone arrow misses the centaur.
The centaur shoots an arrow of dispersal.
The arrow of dispersal closely misses you.
Casting: Stone Arrow
Confirm with . or Enter, or press ? or * to list all spells.
Aiming: Stone Arrow
Press: ? - help, Shift-Dir - straight line, f/p - centaur
Aim: a centaur, wielding a shortbow (severely wounded)
You miscast Stone Arrow.
Nothing appears to happen.
Drink which item? (? for menu, Esc to quit)
You feel agile all of a sudden.
The centaur shoots an arrow of dispersal.
The arrow of dispersal hits you.
You die...

##### #...#
#####..@###########
#........c.........
#.###...####..#####
#.# ##..## ..# ###.#
##..# .# #...# #..## #
#####...#####...#
#..........###..##
#...........##...#.###


You could see a centaur.

Vanquished Creatures
  The ghost of B1inky the Changer, an average OpTm (D:4)
  A scorpion (D:4)
  A giant frog skeleton (D:5)
  A hound (D:4)
  A jelly (D:3)
  An iguana (D:4)
  A worker ant (D:4)
  4 adders
  A giant mite (D:3)
  5 worms
  5 orcs (D:4)
  A ball python (D:2)
  8 goblins
  4 hobgoblins
  2 jackals (D:1)
  6 kobolds
  8 bats
  3 giant cockroaches
  A giant gecko (D:1)
  5 giant newts (D:1)
  2 quokkas (D:3)
  8 rats
70 creatures vanquished.

Notes
Turn   | Place    | Note
--------------------------------------------------------------
     0 | D:1      | Gorice, the Gargoyle Earth Elementalist, began the quest for the Orb.
     0 | D:1      | Reached XP level 1. HP: 10/10 MP: 3/3
   188 | D:1      | Reached skill level 4 in Earth Magic
   243 | D:1      | Reached XP level 2. HP: 10/15 MP: 4/4
   651 | D:1      | Reached XP level 3. HP: 13/19 MP: 3/6
   728 | D:1      | Learned a level 2 spell: Stoneskin
   735 | D:2      | Found a white marble altar of Elyvilon.
   832 | D:2      | Reached skill level 5 in Earth Magic
   919 | D:2      | Found a shadowy altar of Dithmenos.
  1190 | D:2      | Reached XP level 4. HP: 24/24 MP: 8/8
  1255 | D:2      | Noticed Sigmund
  1402 | D:3      | Reached skill level 3 in Spellcasting
  1781 | D:3      | Found a shimmering altar of Xom.
  1781 | D:3      | Found a shimmering altar of Xom.
  1782 | D:3      | Found a shimmering altar of Xom.
  1782 | D:3      | Found a shimmering altar of Xom.
  1782 | D:3      | Found a shimmering altar of Xom.
  1783 | D:3      | Found a shimmering altar of Xom.
  1831 | D:3      | Reached XP level 5. HP: 23/28 MP: 9/11
  1855 | D:3      | Found an ancient bone altar of Kikubaaqudgha.
  2235 | D:3      | Learned a level 3 spell: Passwall
  2353 | D:4      | Reached skill level 6 in Earth Magic
  2550 | D:4      | Reached XP level 6. HP: 27/32 MP: 13/13
  2555 | D:4      | Learned a level 3 spell: Stone Arrow
  2613 | D:4      | Found a deep blue altar of Sif Muna.
  2616 | D:4      | Became a worshipper of Sif Muna the Loreminder
  2650 | D:4      | Noticed B1inky's ghost (average OpTm)
  2656 | D:4      | Killed B1inky's ghost
  2656 | D:4      | Reached skill level 1 in Conjurations
  2656 | D:4      | Reached skill level 7 in Earth Magic
  2898 | D:4      | Reached skill level 2 in Conjurations
  3114 | D:5      | Entered Level 5 of the Dungeon
  3146 | D:5      | Reached skill level 4 in Spellcasting
  3154 | D:5      | Shot with an arrow of dispersal by a centaur

Action                   |  1- 3 |  4- 6 || total
-------------------------+-------+-------++-------
Melee: Short sword       |    13 |       ||    13
       Dagger            |    73 |    87 ||   160
Throw: Tomahawk          |    10 |     3 ||    13
 Cast: Sandblast         |    25 |    25 ||    50
       Stone Arrow       |       |     2 ||     2
  Use: Scroll            |     2 |     7 ||     9
       Potion            |       |     1 ||     1
  Eat: Chunk             |     1 |     6 ||     7

Table legend:
 A = Turns spent in this place as a percentage of turns spent in the entire game.
 B = Non-inter-level travel turns spent in this place as a percentage of non-inter-level travel turns spent in the entire game.
 C = Inter-level travel turns spent in this place as a percentage of turns spent in this place.
 D = Turns resting spent in this place as a percentage of non-inter-level travel turns spent in this place.
 E = Turns spent auto-exploring this place as a percentage of non-inter-level travel turns spent in this place.
 F = Non-inter-level travel turns spent in this place divided by the number of levels of this place that you've seen.
                   A       B       C       D       E      F
               +-------+-------+-------+-------+-------+----------------------
         Total | 100.0 | 100.0 |   0.4 |   0.8 |   6.5 | 251.8
       Dungeon | 100.0 | 100.0 |   0.4 |   0.8 |   6.5 | 251.8
               +-------+-------+-------+-------+-------+----------------------

Vault maps used:
D:1:      minmay_arrival_checkered_box
D:2:      elyvilon_altar_1, lemuel_round_altar, st_stairs_9,
          grunt_dithmenos_smoke_and_mirrors, uniq_sigmund,
          uniq_crazy_yiuf_cottage
D:3:      xom_redecorated, lemuel_crystal_altar, minmay_fountain_box
D:4:      kennysheep_mini, serial_glass, glass_columns_b, glass_columns_b,
          kennysheep_dice
D:5:      tgw_trog, first_bread, uniq_menkaure
